 Dungeon Crawl Stone Soup version 0.18.1-48-g4cf74bf (webtiles) character file.

9557 Jerry the Spear-Bearer (level 11, -10/68 HPs)
             Began as a Merfolk Ice Elementalist on Aug 3, 2016.
             Was a Priest of Kikubaaqudgha.
             Mangled by Sonja
             ... wielding a +0 dagger of distortion
              (13 damage)
             ... on level 10 of the Dungeon.
             The game lasted 01:31:52 (13492 turns).

Jerry the Spear-Bearer (Merfolk Ice Elementalist)  Turns: 13492, Time: 01:31:53

Health: -10/68     AC:  8    Str: 11    XL:     11   Next: 48%
Magic:  10/14      EV: 19    Int: 18    God:    Kikubaaqudgha [***...]
Gold:   572        SH:  0    Dex: 19    Spells: 4 memorised, 3 levels left

rFire  + . .     SeeInvis .     G - +8 glaive of Doom {pain, Str+3 Dex+4}
rCold  . . .     Gourm    .     L - +1 robe of the Hippo {rElec Regen+ rCorr}
rNeg   . . .     Faith    .     (shield currently unavailable)
rPois  .         Spirit   .     z - +0 helmet
rElec  +         Dismiss  .     A - +1 cloak
rCorr  +         Reflect  .     a - +0 pair of gloves
SustAt .         Harm     .     j - +0 pair of boots {Stlth+}
MR     .....                    (no amulet)
Stlth  ++++......               (no ring)
                                (no ring)

@: not resistant to hostile enchantments, stealthy
A: change form in water, swift swim, fire resistance 1
a: Receive Corpses, Renounce Religion


You were on level 10 of the Dungeon.
You worshipped Kikubaaqudgha.
Kikubaaqudgha was most pleased with you.
You were not hungry.

You visited 3 branches of the dungeon, and saw 13 of its levels.

You collected 572 gold pieces.

Inventory:

Hand Weapons
 q - a +5 hunting sling
 G - the +8 glaive of Doom (weapon) {pain, Str+3 Dex+4}
   (You found it on level 7 of the Dungeon)

   In the hands of one skilled in necromantic magic, it inflicts extra damage on
   living creatures.
   It affects your strength (+3).
   It affects your dexterity (+4).
Missiles
 e - 235 stones (quivered)
Armour
 a - a +0 pair of gloves (worn)
 j - a +0 pair of boots of stealth (worn)
 v - a +2 robe of cold resistance
 z - a +0 helmet (worn)
 A - a +1 cloak (worn)
 L - the +1 robe of the Hippo (worn) {rElec Regen+ rCorr}
   (You found it on level 9 of the Dungeon)

   It insulates you from electricity.
   It increases your rate of regeneration.
   It protects you from acid and corrosion.
Wands
 t - a wand of acid (8/15)
 I - a wand of confusion (48/48)
Scrolls
 h - a scroll of identify
 o - a scroll of enchant armour
 u - 4 scrolls of remove curse
 y - a scroll of enchant weapon
 B - a scroll of magic mapping
 R - a scroll of recharging
Potions
 g - 5 potions of curing
 k - a potion of mutation {unknown}
 l - 3 potions of resistance
 n - a potion of berserk rage
 r - a potion of lignification {unknown}
 E - a potion of haste {unknown}
 K - a potion of might {unknown}
Books
 b - a book of Frost

   Spells                             Type                      Level
   a - Freeze                         Ice                          1
   b - Throw Frost                    Conjuration/Ice              2
   c - Ozocubu's Armour               Charms/Ice                   3
   d - Throw Icicle                   Conjuration/Ice              4
   e - Summon Ice Beast               Ice/Summoning                4
 d - a book of Death

   Spells                             Type                      Level
   a - Corpse Rot                     Necromancy                   2
   b - Sublimation of Blood           Necromancy                   2
   c - Agony                          Necromancy                   5
   d - Dispel Undead                  Necromancy                   5
   e - Excruciating Wounds            Charms/Necromancy            5
   f - Bolt of Draining               Conjuration/Necromancy       5
 w - Sif Muna's Catalogue of Necromancy
   (You found it on level 5 of the Dungeon)

   Spells                             Type                      Level
   a - Animate Skeleton               Necromancy                   1
 H - Kikubaaqudgha's Collected Works on Necromancy
   (Kikubaaqudgha gifted it to you on level 8 of the Dungeon)

   Spells                             Type                      Level
   a - Animate Skeleton               Necromancy                   1
   b - Corpse Rot                     Necromancy                   2
   c - Sublimation of Blood           Necromancy                   2
   d - Regeneration                   Charms/Necromancy            3
   e - Control Undead                 Necromancy                   4
 O - a book of the Dragon

   Spells                             Type                      Level
   a - Flame Tongue                   Conjuration/Fire             1
   b - Cause Fear                     Hexes                        4
   c - Bolt of Fire                   Conjuration/Fire             6
   d - Dragon Form                    Transmutation                7
   e - Dragon's Call                  Summoning                    9
 Q - Kikubaaqudgha's Compendium of Dark Secrets
   (Kikubaaqudgha gifted it to you on level 1 of the Lair of Beasts)

   Spells                             Type                      Level
   a - Animate Dead                   Necromancy                   4
   b - Agony                          Necromancy                   5
   c - Cigotuvi's Embrace             Necromancy                   5
   d - Dispel Undead                  Necromancy                   5
   e - Death Channel                  Necromancy                   6
Comestibles
 c - 12 bread rations
 f - 5 fruits
 i - a slice of pizza
 m - 9 beef jerkies
 x - 4 meat rations
 D - a royal jelly


   Skills:
 + Level 12.5 Polearms
 - Level 8.9 Dodging
 - Level 4.3 Stealth
 - Level 2.0 Spellcasting
   Level 0.7 Conjurations
 - Level 6.7 Charms
 - Level 7.3 Summonings
 + Level 5.3 Necromancy
 - Level 7.8 Ice Magic


You had 3 spell levels left.
You knew the following spells:

 Your Spells              Type           Power        Failure   Level  Hunger
b - Summon Ice Beast      Ice/Summ       ####....     10%         4    #####..
c - Animate Skeleton      Necr           N/A          1%          1    #......
d - Ozocubu's Armour      Chrm/Ice       ####....     2%          3    ###....
e - Regeneration          Chrm/Necr      ###.......   4%          3    ###....


Dungeon Overview and Level Annotations

Branches:
Dungeon (10/15)            Temple (1/1) D:6            Lair (2/8) D:9
    Orc: D:9-12

Altars:
Ashenzari
Cheibriados
Dithmenos
Elyvilon
Fedhas
Gozag
Kikubaaqudgha
Makhleb
Nemelex Xobeh
Okawaru
Pakellas
Qazlal
Ru
Sif Muna
Trog
Vehumet
Xom
Yredelemnul
Zin
The Shining One

Shops:
D:9 ?   D:10 %

Annotations:
D:10 Sonja; raetorn's ghost, novice NaFi


Innate Abilities, Weirdness & Mutations

You revert to your normal form in water.
You are very nimble and swift while swimming.
Your flesh is heat resistant.


Message History

You are no longer poisoned.
Your ice beast misses Sonja.
Sonja hits you but does no damage. Space warps horribly around you!
* * * LOW HITPOINT WARNING * * *
Sonja hits you with an uncursed dagger of distortion.
* * * LOW HITPOINT WARNING * * *
Space bends around you.
* * * LOW HITPOINT WARNING * * *
Sonja barely misses you.
Your ice beast barely misses Sonja.
You see here a poisoned needle.
Read which item? (? for menu, Esc to quit)
Okay, then.
Items here: %% ) [ ÷ † Sonja closely misses you. x2
Sonja hits you with an uncursed dagger of distortion.
* * * LOW HITPOINT WARNING * * *
Space warps horribly around you!
You die...
Kikubaaqudgha rasps: "You have failed me!
Welcome... death!"

#..........
#......... #........
.....(. ...(. ... #(#
#@# #K# #(# #Y#####
#(....# #####.# #.#
#######'####.#
########............#


You could see Sonja and a friendly ice beast.

Vanquished Creatures
  The ghost of enikus the Fighter, a novice GrFi of Trog (D:7)
  A spiny frog (Lair:1)
  2 komodo dragons (Lair:1)
  4 polar bears (Lair:1)
  A spriggan (Lair:1)
  11 yaks
  3 hippogriffs
  2 steam dragons (D:8)
  Edmund (D:5)
  3 porcupines (Lair:1)
  2 water moccasins (Lair:1)
  2 orc warriors
  A black bear (Lair:1)
  A wasp (D:10)
  A phantom (D:9)
  2 ice beasts
  2 centaurs (D:8)
  6 ogres
  A crocodile (Lair:1)
  3 wolves (Lair:2)
  A big kobold (D:8)
  6 giant frogs
  A gnoll sergeant (D:6)
  2 scorpions
  5 howler monkeys (D:8)
  6 crimson imps
  A giant frog zombie (D:5)
  A quasit (D:7)
  3 jellies
  5 orc priests
  4 hounds
  A centaur skeleton (D:10)
  3 giant frog skeletons
  2 iguanas
  17 orc wizards
  2 worker ants
  A hound zombie (D:8)
  A hound skeleton (D:9)
  A worker ant zombie (D:10)
  3 gnolls (D:6)
  16 adders
  7 river rats (Lair:1)
  3 shadow imps (D:5)
  An adder zombie (D:7)
  4 adder skeletons
  A worm (D:4)
  2 dart slugs (D:1)
  6 giant geckos
  34 orcs
  6 ball pythons
  6 bats
  3 giant cockroaches
  6 goblins
  2 hobgoblins (D:1)
  7 jackals
  22 kobolds
  4 quokkas
  2 giant gecko skeletons
  8 giant newts
  A jackal skeleton (D:4)
  A jackal zombie (D:6)
  12 rats
270 creatures vanquished.

Vanquished Creatures (collateral kills)
  A polar bear (Lair:1)
  A two-headed ogre (D:9)
  4 yaks (Lair:1)
  2 giant frogs (Lair:1)
  An orc priest (D:9)
  A giant frog skeleton (D:9)
  An iguana (Lair:1)
  2 river rats (Lair:1)
  An orc (D:9)
  A kobold (D:10)
15 creatures vanquished.

Grand Total: 285 creatures vanquished

Notes
Turn   | Place    | Note
--------------------------------------------------------------
     0 | D:1      | Jerry the Merfolk Ice Elementalist began the quest for the Orb.
     0 | D:1      | Reached XP level 1. HP: 13/13 MP: 3/3
   339 | D:1      | Reached XP level 2. HP: 17/19 MP: 1/5
   808 | D:1      | Reached XP level 3. HP: 14/24 MP: 2/6
  1737 | D:2      | Reached XP level 4. HP: 30/30 MP: 7/7
  2121 | D:3      | Reached skill level 5 in Dodging
  2508 | D:3      | Reached XP level 5. HP: 26/35 MP: 4/8
  2534 | D:3      | Learned a level 4 spell: Summon Ice Beast
  3097 | D:4      | Found an iron altar of Okawaru.
  3124 | D:4      | Found a sacrificial altar of Ru.
  3240 | D:4      | Gained mutation: Your flesh is heat resistant. [potion of beneficial mutation]
  3642 | D:4      | Reached skill level 1 in Summonings
  3642 | D:4      | Reached XP level 6. HP: 41/41 MP: 4/9
  3800 | D:4      | Noticed a phantom
  3951 | D:5      | Entered Level 5 of the Dungeon
  4180 | D:5      | Reached skill level 5 in Ice Magic
  4437 | D:5      | Reached XP level 7. HP: 33/46 MP: 7/10
  4604 | D:5      | Found a snail-covered altar of Cheibriados.
  4644 | D:5      | Found a deep blue altar of Sif Muna.
  4668 | D:5      | Reached skill level 1 in Polearms
  4791 | D:5      | Found a glowing golden altar of the Shining One.
  4960 | D:5      | Reached skill level 2 in Polearms
  4990 | D:5      | Noticed Edmund
  5199 | D:5      | Reached skill level 3 in Polearms
  5357 | D:5      | Killed Edmund
  5357 | D:5      | Reached XP level 8. HP: 48/52 MP: 8/11
  5555 | D:5      | Reached skill level 4 in Polearms
  5563 | D:5      | Identified Sif Muna's Catalogue of Necromancy
  6270 | D:6      | Reached skill level 5 in Summonings
  6369 | D:6      | Reached skill level 5 in Polearms
  6541 | D:6      | Found a staircase to the Ecumenical Temple.
  6557 | Temple   | Entered the Ecumenical Temple
  6636 | Temple   | Became a worshipper of Kikubaaqudgha
  6953 | D:6      | Reached skill level 6 in Polearms
  7405 | D:6      | Learned a level 1 spell: Animate Skeleton
  7473 | D:7      | Noticed enikus's ghost (novice GrFi)
  7600 | D:7      | Reached XP level 9. HP: 51/57 MP: 8/12
  7902 | D:7      | Found a bloodstained altar of Trog.
  7968 | D:7      | Got a dazzling glaive
  7979 | D:7      | Identified the +8 glaive of Doom {pain, Str+3 Dex+4} (You found it on level 7 of the Dungeon)
  8018 | D:7      | Learned a level 3 spell: Ozocubu's Armour
  8090 | D:8      | Reached skill level 7 in Polearms
  8246 | D:8      | Found a blossoming altar of Fedhas.
  8448 | D:8      | Reached * piety under Kikubaaqudgha
  8448 | D:8      | Received a gift from Kikubaaqudgha
  8449 | D:8      | Identified Kikubaaqudgha's Collected Works on Necromancy (Kikubaaqudgha gifted it to you on level 8 of the Dungeon)
  8454 | D:8      | Learned a level 3 spell: Regeneration
  8590 | D:8      | Reached skill level 1 in Charms
  8690 | D:8      | Reached skill level 8 in Polearms
  9293 | D:9      | Noticed a two-headed ogre
  9395 | D:9      | Reached XP level 10. HP: 44/63 MP: 13/13
  9403 | D:9      | Reached skill level 9 in Polearms
  9927 | D:9      | Got a twisted robe
  9928 | D:9      | Identified the +1 robe of the Hippo {rElec Regen+ rCorr} (You found it on level 9 of the Dungeon)
 10042 | D:9      | Reached ** piety under Kikubaaqudgha
 10046 | D:9      | Found Oriu's Magic Scroll Shoppe.
 10346 | D:9      | Found a bloodstained altar of Trog.
 10349 | D:9      | Found a stormy altar of Qazlal.
 10427 | D:10     | Entered Level 10 of the Dungeon
 10441 | D:10     | Noticed raetorn's ghost (novice NaFi)
 10460 | D:9      | Found a staircase to the Lair.
 10468 | Lair:1   | Entered Level 1 of the Lair of Beasts
 10470 | Lair:1   | Reached skill level 1 in Necromancy
 10686 | Lair:1   | Reached skill level 10 in Polearms
 10844 | Lair:1   | Noticed a spiny frog
 10851 | Lair:1   | Killed a spiny frog
 10851 | Lair:1   | Reached skill level 5 in Charms
 11328 | Lair:1   | Reached skill level 11 in Polearms
 11476 | Lair:1   | Reached XP level 11. HP: 68/68 MP: 9/14
 11716 | Lair:1   | Reached *** piety under Kikubaaqudgha
 11716 | Lair:1   | Received a gift from Kikubaaqudgha
 11779 | Lair:1   | Identified Kikubaaqudgha's Compendium of Dark Secrets (Kikubaaqudgha gifted it to you on level 1 of the Lair of Beasts)
 12005 | Lair:2   | Noticed a four-headed hydra
 12233 | Lair:2   | Noticed a six-headed hydra
 12300 | Lair:1   | Identified a scroll of acquirement
 13001 | D:7      | Reached skill level 12 in Polearms
 13047 | D:7      | Killed enikus's ghost
 13194 | D:10     | Found Vaghyoz's Food Boutique.
 13259 | D:10     | Reached skill level 5 in Necromancy
 13285 | D:10     | Noticed Sonja
 13489 | D:10     | HP: 2/68 [Sonja/uncursed dagger of distortion (4)]
 13492 | D:10     | Mangled by Sonja

Skill      XL: |  1  2  3  4  5  6  7  8  9 10 11 |
---------------+----------------------------------+-----
Dodging        | 3 4 5 6 8 |  8.9
Stealth        | 3 4 |  4.3
Ice Magic      | 4 5 7 |  7.8
Summonings     | 1 3 4 5 7 |  7.3
Polearms       | 3 6 8 11 12 | 12.5
Charms         | 2 6 |  6.7
Necromancy     | 3 5 |  5.3
Spellcasting   | |  2.0
Conjurations   | |  0.7

Action                   |  1- 3 |  4- 6 |  7- 9 | 10-12 || total
-------------------------+-------+-------+-------+-------++-------
Melee: Unarmed           |     2 |       |       |       ||     2
       Dagger            |       |    30 |       |       ||    30
       Trident           |       |       |   116 |       ||   116
       Glaive            |       |       |   123 |   264 ||   387
 Fire: Hunting sling     |    81 |   152 |   152 |    22 ||   407
Throw: Stone             |    12 |       |       |       ||    12
 Cast: Freeze            |    30 |    49 |    29 |     4 ||   112
       Summon Ice Beast  |       |       |     1 |    23 ||    24
       Animate Skeleton  |       |       |       |    21 ||    21
       Ozocubu's Armour  |       |       |       |     5 ||     5
       Regeneration      |       |       |       |     1 ||     1
Evoke: Wand              |       |       |    13 |     8 ||    21
  Use: Scroll            |     6 |     3 |       |    11 ||    20
       Potion            |       |     1 |     2 |     2 ||     5
 Stab: Confused          |       |       |     6 |     1 ||     7
       Sleeping          |       |       |     4 |    12 ||    16
       Distracted        |       |       |       |     2 ||     2
  Eat: Chunk             |     3 |     9 |    18 |    20 ||    50
Armor: Robe              |    15 |    16 |    65 |    47 ||   143
Dodge: Dodged            |    43 |    54 |   238 |   247 ||   582
